 Dungeon Crawl Stone Soup version 0.25-a0-890-g62861fb (webtiles) character file.

Game seed: 16066111963040835613, levelgen mode: deterministic

24 BlueFish the Gusty (level 3, 19/19 HPs)
             Began as a Tengu Air Elementalist on May 5, 2020.
             Quit the game on level 2 of the Dungeon.
             The game lasted 00:04:22 (1260 turns).

BlueFish the Gusty (Tengu Air Elementalist)         Turns: 1260, Time: 00:04:23

Health: 19/19      AC:  2    Str:  8    XL:     3   Next: 2%
Magic:  6/7        EV: 13    Int: 15    God:
Gold:   98         SH:  0    Dex: 15    Spells: 3/6 levels left

rFire    . . .     SeeInvis .   d - -3 dagger (curse)
rCold    . . .     Gourm    .   (no shield)
rNeg     . . .     Faith    .   a - +0 robe
rPois    .         Spirit   .   (helmet restricted)
rElec    .         Reflect  .   (no cloak)
rCorr    .         Harm     .   (no gloves)
MR       .....                  (boots unavailable)
Stlth    ++........             (no amulet)
HPRegen  0.06/turn              (no ring)
MPRegen  0.10/turn              (no ring)

@: no status effects
A: beak, talons 3
a: no special abilities


You were on level 2 of the Dungeon.
You were hungry.

You visited 1 branch of the dungeon, and saw 2 of its levels.

You collected 98 gold pieces.

Inventory:

Hand Weapons
 d - a cursed -3 dagger (weapon)
 e - a +0 whip
 h - a +0 spear
 i - a +0 dagger of protection
Armour
 a - a +0 robe (worn)
Jewellery
 f - an uncursed ring of flight
Scrolls
 k - a scroll of remove curse {unknown}
Potions
 b - a potion of brilliance
 g - a potion of invisibility {unknown}
 j - a potion of mutation {unknown}
Comestibles
 c - 4 rations


   Skills:
 * Level 0.1 Fighting
 * Level 2.2 Dodging
 + Level 2.0 Stealth
 + Level 2.1 Spellcasting
 + Level 1.5 Conjurations
 * Level 5.2 Air Magic


You had 3 spell levels left.
You knew the following spells:

 Your Spells              Type           Power        Failure   Level  Hunger
a - Shock                 Conj/Air       ##..         5%          1    #......
b - Swiftness             Chrm/Air       #.......     12%         2    ###....

Your spell library contained the following spells:

 Spells                   Type           Power        Failure   Level  Hunger
 Static Discharge         Conj/Air       ##......     16%         3    ###....
 Airstrike                Air            ###.......   26%         4    #####..
 Lightning Bolt           Conj/Air       ##........   83%         5    ######.


Dungeon Overview and Level Annotations

Branches:
Dungeon (2/15)

Altars:


Innate Abilities, Weirdness & Mutations

You have a beak for a mouth.
You have claws for feet.


Message History

Found a stone staircase leading down.
A kobold comes into view.
Casting: Shock (safe; 5% risk of failure)
Confirm with . or Enter, or press ? or * to list all spells.
Aiming: Shock (safe; 5% risk of failure)
Press: ? - help, Shift-Dir - straight line, f - kobold
Aim: a kobold, quivering 2 stones (hasn't noticed you)
The zap misses the kobold.
The kobold shouts!
Casting: Shock (safe; 5% risk of failure)
Confirm with . or Enter, or press ? or * to list all spells.
Aiming: Shock (safe; 5% risk of failure)
Press: ? - help, Shift-Dir - straight line, f/p - kobold
Aim: a kobold, quivering 2 stones The zap hits the kobold.
You kill the kobold!
k - a scroll labeled PUANAGI UTZOGG
Found 20 stones.
A dart slug comes into view.
Are you sure you want to abandon this character and quit the game? (Confirm with "yes".)

##### ##### .. #..
.##...##.#
#.####.###(#...#.#
#..............###
#.####@##........>#
#.##.........#
..##.........#
#..#####...####
#..# #...# #(.#
#...# #..# #..##
#w.# #..# ####
#######..# ####...


You could see a dart slug.

Vanquished Creatures
  A leopard gecko (D:1)
  2 giant cockroaches
  5 goblins
  3 hobgoblins (D:1)
  2 bats (D:1)
  6 kobolds
  A rat (D:1)
20 creatures vanquished.

Notes
Turn   | Place    | Note
-------+----------+-------------------------------------------
     0 | D:1      | BlueFish the Tengu Air Elementalist began the quest for the
                  | Orb.
     0 | D:1      | Reached XP level 1. HP: 10/10 MP: 4/4
   173 | D:1      | Reached XP level 2. HP: 15/15 MP: 0/6
   652 | D:1      | Reached skill level 5 in Air Magic
  1182 | D:2      | Learned a level 2 spell: Swiftness
  1214 | D:2      | Reached XP level 3. HP: 19/19 MP: 5/7
  1260 | D:2      | Quit the game

Levels and vault maps discovered:
D:1:      giann_wishing_wells, layout_loops_corners, palyth_stone_intersect,
          corexii_corridor_pit
D:2:      layout_loops_ring, uniq_terence, uniq_robin, uniq_natasha

Skill      XL: |  1  2 |
---------------+-------+-----
Air Magic      | 5 |  5.2
Fighting       | |  0.1
Dodging        | |  2.2
Stealth        | |  2.0
Spellcasting   | |  2.1
Conjurations   | |  1.5

Action                   || total
-------------------------++-------
Melee: Unarmed           ||     1
       Dagger            ||     4
 Cast: Shock             ||    34
  Use: Scroll            ||     1
 Stab: Sleeping          ||     1
  Eat: Chunk             ||     1
Armor: Robe              ||     1
Dodge: Dodged            ||     8

Table legend:
 A = Non-vault XP
 B = Vault XP
 C = Vault XP percentage of total XP
 D = Non-vault monster count
 E = Vault monster count
 F = Vault count percentage of total count
                 A         B        C        D         E       F
            +---------+---------+-------+---------+---------+-------
      Total |      35 |       0 |   0.0 |      20 |       0 |   0.0
            +---------+---------+-------+---------+---------+-------
        D:1 |      30 |       0 |   0.0 |      17 |       0 |   0.0
        D:2 |       5 |       0 |   0.0 |       3 |       0 |   0.0
            +---------+---------+-------+---------+---------+-------
